 Dungeon Crawl Stone Soup version 0.21.1-1-g345015f (webtiles) character file.

4238 halftheisland the Spear-Bearer (level 10, -1/90 HPs)
             Began as a Hill Orc Fighter on Feb 17, 2018.
             Was an Elder of Okawaru.
             Killed by divine providence
             ... invoked by an orc priest
              (10 damage)
             ... on level 9 of the Dungeon on Feb 18, 2018.
             The game lasted 00:28:23 (7008 turns).

halftheisland the Spear-Bearer (Hill Orc Fighter)   Turns: 7008, Time: 00:28:24

Health: -1/90      AC: 13    Str: 22      XL:     10   Next: 30%
Magic:  9/10       EV: 14    Int:  0 (1)  God:    Okawaru [****..]
Gold:   380        SH: 12    Dex: 11      Spells: 4/9 levels left

rFire    . . .     SeeInvis .   a - +1 trident (venom)
rCold    + . .     Gourm    .   c - +0 shield
rNeg     + . .     Faith    .   r - +2 ring mail {MR+}
rPois    +         Spirit   .   (no helmet)
rElec    .         Reflect  .   q - +1 cloak
rCorr    .         Harm     .   (no gloves)
MR       +....                  k - +0 pair of boots
Stlth    ++........             (no amulet)
HPRegen  0.25/turn              l - ring "Xaol" {+Inv rPois rC+ rN+ Int-5}
MPRegen  0.12/turn              (no ring)

@: heroism, slowed, lost intelligence, very slow
A: hooves 1, dopey 1
a: Heroism, Renounce Religion, Convert to Beogh, Evoke Invisibility


You were on level 9 of the Dungeon.
You worshipped Okawaru.
Okawaru was greatly pleased with you.
You were not hungry.

You visited 2 branches of the dungeon, and saw 10 of its levels.
You also visited: Ossuary.

You collected 380 gold pieces.

Inventory:

Hand Weapons
 a - a +1 trident of venom (weapon)
 d - a +0 hunting sling
Missiles
 u - 24 sling bullets
 x - a throwing net (quivered)
Armour
 c - a +0 shield (worn)
 k - a +0 pair of boots (worn)
 q - a +1 cloak (worn)
 r - a +2 ring mail of magic resistance (worn)
Magical Staves
 s - an uncursed staff of summoning
Jewellery
 l - the ring "Xaol" (left hand) {+Inv rPois rC+ rN+ Int-5}
   (You found it on level 4 of the Dungeon)

   [ring of positive energy]

   It affects your intelligence (-5).
   It protects you from cold.
   It protects you from poison.
   It protects you from negative energy.
   It lets you turn invisible.
Wands
 p - a wand of flame (23)
 w - a wand of acid (11)
 y - a wand of iceblast (11)
 A - a wand of digging (8)
Scrolls
 g - 8 scrolls of identify
 o - a scroll of fog
 t - 3 scrolls of blinking
 B - 3 scrolls of remove curse
 E - 2 scrolls of teleportation
Potions
 f - 8 potions of curing
 i - a potion of flight
 j - 2 potions of haste
 m - 3 potions of lignification
 C - a potion of might
Books
 h - a book of Maledictions

   Spells                             Type                      Level
   a - Corona                         Hexes                        1
   b - Ensorcelled Hibernation        Hexes/Ice                    2
   c - Confuse                        Hexes                        3
   d - Tukima's Dance                 Hexes                        3
   e - Dazzling Spray                 Conjuration/Hexes            3
 n - a book of Frost

   Spells                             Type                      Level
   a - Freeze                         Ice                          1
   b - Throw Frost                    Conjuration/Ice              2
   c - Ozocubu's Armour               Charms/Ice                   3
   d - Throw Icicle                   Conjuration/Ice              4
   e - Summon Ice Beast               Ice/Summoning                4
 v - a book of Cantrips

   Spells                             Type                      Level
   a - Confusing Touch                Hexes                        1
   b - Animate Skeleton               Necromancy                   1
   c - Summon Small Mammal            Summoning                    1
   d - Apportation                    Translocation                1
Comestibles
 b - 13 rations


   Skills:
 * Level 8.7(13.7) Fighting
 * Level 11.3(16.3) Polearms
 + Level 5.7(10.7) Armour
 + Level 3.4(8.4) Dodging
 + Level 6.6(11.6) Shields
 + Level 0.3 Invocations
 + Level 0.2 Evocations


You had 4 spell levels left.
You knew the following spells:

 Your Spells              Type           Power        Failure   Level  Hunger
a - Ensorcelled Hibernat  Hex/Ice        #.....       95%         2    ###....
b - Confuse               Hex            #.......     99%         3    ####...


Dungeon Overview and Level Annotations

Branches:
Dungeon (9/15)             Temple (1/1) D:4
   Lair: D:8-11         Orc: D:9-12

Altars:
Ashenzari
Cheibriados
Dithmenos
Fedhas
Hepliaklqana
Kikubaaqudgha
Makhleb
Nemelex Xobeh
Okawaru
Qazlal
Ru
Sif Muna
Trog
Uskayaw
Vehumet
Wu Jian
Xom
Yredelemnul
Zin
The Shining One

Annotations:
D:2 Sigmund


Innate Abilities, Weirdness & Mutations

You have large cloven feet.
You are dopey. (Int -2)


Message History

Beogh smites you!
* * * LOW HITPOINT WARNING * * *
You hit the crocodile but do no damage.
The crocodile looks as sick as possible!
The crocodile is heavily wounded.
The crocodile bites you!
* * * LOW HITPOINT WARNING * * *
You block the orc priest's attack.
You barely miss the crocodile.
The crocodile is severely wounded.
The crocodile completely misses you. You block the orc priest's attack.
The crocodile bites you.
* * * LOW HITPOINT WARNING * * *
Okay, then.
You kill the crocodile!
Okawaru accepts your kill.
The orc priest mumbles some strange prayers to Beogh against you.
Beogh smites you!
You die...

############
##......>...#
............#
#######..@.##
#.##a†###
#.###.o)# #.#
###.......
#†# .......
#.# ......#
#.# ......#
#.# ......#
#<# .%.#...


You could see a worker ant and an orc priest.

Vanquished Creatures
  A two-headed ogre (D:8)
  Pikel (D:7)
  Joseph (D:7)
  An orc warrior (D:6)
  An ice beast (D:5)
  2 phantoms
  A sky beast (D:6)
  2 centaurs
  2 ogres
  A crocodile (D:9)
  A bullfrog (D:8)
  Blork the orc (D:6)
  A water moccasin skeleton (D:9)
  11 scorpions
  6 killer bees (D:9)
  2 crimson imps (D:5)
  3 centaur zombies (Ossuary)
  2 bullfrog zombies
  2 hounds (D:5)
  3 human zombies (Ossuary)
  2 jellies
  Crazy Yiuf (D:3)
  An orc priest (D:8)
  3 orc wizards
  2 iguanas (D:6)
  9 worker ants
  3 big kobold zombies (Ossuary)
  2 hound skeletons
  2 mummies (Ossuary)
  4 scorpion zombies (Ossuary)
  3 adders
  An ooze (D:1)
  An adder skeleton (D:5)
  A worm (D:3)
  2 dart slugs (D:1)
  5 leopard geckos
  16 orcs
  3 giant cockroaches
  13 goblins
  4 hobgoblins
  5 jackals (D:3)
  2 quokkas
  A ball python (D:3)
  A ball python zombie (D:5)
  3 bats
  A frilled lizard (D:1)
  A hobgoblin zombie (Ossuary)
  6 kobolds
  2 kobold zombies (Ossuary)
  A leopard gecko skeleton (D:6)
  A quokka zombie (D:8)
  4 rats
  A rat zombie (D:8)
  A fungus (D:3)
153 creatures vanquished.

Vanquished Creatures (others)
  A hungry ghost (D:7)
  2 slaves (D:7)
  An ogre (D:7)
  An iguana (D:7)
  A worker ant (D:7)
  A mummy (Ossuary)
  A leopard gecko (D:7)
  An orc zombie (Ossuary)
  2 fungi (D:3)
11 creatures vanquished.

Grand Total: 164 creatures vanquished

Notes
Turn   | Place    | Note
-------+----------+-------------------------------------------
     0 | D:1      | halftheisland the Hill Orc Fighter began the quest for the Orb.
     0 | D:1      | Reached XP level 1. HP: 19/19 MP: 1/1
   412 | D:1      | Reached XP level 2. HP: 27/27 MP: 2/2
   568 | D:1      | Reached XP level 3. HP: 33/33 MP: 3/3
   871 | D:2      | Reached skill level 3 in Polearms
   881 | D:2      | Noticed Sigmund
  1009 | D:3      | Found a hazy altar of Hepliaklqana.
  1130 | D:3      | Reached XP level 4. HP: 37/40 MP: 4/4
  1523 | D:3      | Found a runed door.
  1527 | D:3      | Noticed Crazy Yiuf
  1788 | D:3      | Killed Crazy Yiuf
  1926 | D:4      | Noticed an ogre
  1951 | D:4      | Reached skill level 4 in Polearms
  1951 | D:4      | Reached skill level 1 in Dodging
  1951 | D:4      | Reached XP level 5. HP: 25/46 MP: 5/5
  1961 | D:4      | Killed an ogre
  2105 | D:4      | Reached XP level 6. HP: 37/52 MP: 6/6
  2191 | D:4      | Learned a level 2 spell: Ensorcelled Hibernation
  2195 | D:4      | Learned a level 3 spell: Confuse
  2226 | D:4      | Reached skill level 5 in Polearms
  2362 | D:4      | Found a staircase to the Ecumenical Temple.
  2371 | Temple   | Entered the Ecumenical Temple
  2526 | Temple   | Became a worshipper of Warmaster Okawaru
  2676 | D:4      | Found a bloodstained altar of Trog.
  2677 | D:4      | Got a heavily runed pewter ring
  2679 | D:4      | Found a glowing golden altar of the Shining One.
  2690 | D:4      | Identified the ring "Xaol" {+Inv rPois rC+ rN+ Int-5} (You found it on level 4 of the Dungeon)
  2717 | D:5      | Entered Level 5 of the Dungeon
  2745 | D:5      | Noticed an ice beast
  2759 | D:5      | Killed an ice beast
  2785 | D:5      | Reached XP level 7. HP: 58/60 MP: 7/7
  3000 | D:5      | Reached skill level 6 in Polearms
  3298 | D:5      | Reached skill level 5 in Fighting
  3435 | D:6      | Reached skill level 5 in Shields
  3448 | D:6      | Reached * piety under Okawaru
  3624 | D:6      | Reached skill level 7 in Polearms
  3624 | D:6      | Reached XP level 8. HP: 35/69 MP: 5/8
  4049 | D:6      | Noticed Blork the orc
  4058 | D:6      | Killed Blork the orc
  4507 | D:7      | Noticed Pikel
  4529 | D:7      | Noticed Joseph
  4549 | D:7      | Killed Pikel
  4549 | D:7      | Reached ** piety under Okawaru
  4549 | D:7      | Reached skill level 8 in Polearms
  4549 | D:7      | Reached XP level 9. HP: 44/78 MP: 7/9
  4552 | D:7      | Found an ancient bone altar of Kikubaaqudgha.
  4563 | D:7      | Killed Joseph
  4563 | D:7      | Reached *** piety under Okawaru
  4563 | D:7      | Reached skill level 9 in Polearms
  4563 | D:7      | Reached skill level 5 in Armour
  4845 | D:7      | Gained mutation: You are dopey. (Int -2) [potion of mutation]
  4845 | D:7      | Gained mutation: You have large cloven feet. [potion of mutation]
  5661 | D:8      | Found a sand-covered staircase.
  5679 | Ossuary  | Entered an ossuary
  5827 | Ossuary  | Reached skill level 10 in Polearms
  5867 | Ossuary  | Lost intelligence.
  6381 | D:8      | Noticed a two-headed ogre
  6398 | D:8      | Killed a two-headed ogre
  6398 | D:8      | Reached **** piety under Okawaru
  6398 | D:8      | Reached skill level 11 in Polearms
  6398 | D:8      | Reached XP level 10. HP: 39/90 MP: 10/10
  6807 | D:8      | Found a stormy altar of Qazlal.
  6937 | D:9      | Lost intelligence.
  7008 | D:9      | Killed from afar by an orc priest

Skill      XL: |  1  2  3  4  5  6  7  8  9 |
---------------+----------------------------+-----
Fighting       | 4 5 6 8 |  8.7
Polearms       | 3 4 5 7 8 11 | 11.3
Shields        | 4 5 6 |  6.6
Dodging        | 1 2 3 |  3.4
Armour         | 4 5 |  5.7
Invocations    | |  0.3
Evocations     | |  0.2

Action                   |  1- 3 |  4- 6 |  7- 9 | 10-12 || total
-------------------------+-------+-------+-------+-------++-------
Melee: Trident           |   133 |   134 |   519 |    70 ||   856
Invok: Heroism           |       |       |     4 |     1 ||     5
Evoke: Wand              |       |       |     2 |       ||     2
  Use: Scroll            |     3 |     6 |     8 |       ||    17
       Potion            |     3 |     6 |    11 |     2 ||    22
  Eat: Ration            |     2 |       |     4 |       ||     6
Armor: Scale mail        |    51 |     6 |       |       ||    57
       Ring mail         |       |    24 |   144 |    24 ||   192
       Skin              |       |     9 |       |       ||     9
Dodge: Dodged            |    27 |    30 |   164 |    26 ||   247
Block: Shield            |    52 |    69 |   199 |    39 ||   359
